 Dungeon Crawl Stone Soup version 0.31-a0-150-g89dc3ad700 (webtiles) character file.

Game seed: 5398083038620484330

156702 ragingrage the Spry (level 17, -27/123 (147) HPs)
             Began as a Merfolk Wanderer on June 7, 2023.
             Was a High Priest of Ashenzari.
             Killed from afar by a deep elf death mage (28 damage)
             ... with a bolt of negative energy
             ... on level 3 of the Elven Halls on June 8, 2023.
             The game lasted 01:31:59 (39395 turns).

ragingrage the Spry (Merfolk Wanderer)             Turns: 39395, Time: 01:31:59

HP:   -27/123 (147) AC: 19    Str: 10    XL:     17   Next: 68%
MP:   30/30         EV: 20    Int: 28    God:    Ashenzari [*****.]
Gold: 1267          SH:  5    Dex: 13    Spells: 8/34 levels left

rFire   . . .        b - +3 dagger of the Eye in the Sky {venom, Elem, Alch} (curse)
rCold   . . .        D - +0 buckler "Restrained Apathy" {Alch, Comp} (curse)
rNeg    . . .        l - +0 troll leather armour of Ashenzari's Vision {Regen+, Elem, Cun} (curse)
rPois   .            q - +0 helmet "Tethered Ethics" {Evo, Bglg} (curse)
rElec   .            x - +2 cloak of the Shackled Mysticism {Self, Evo} (curse)
rCorr   .            R - +0 pair of gloves of Ashenzari's Soothsayer {Cun, Evo} (curse)
SInv    +            W - +2 pair of boots of the Restrained Seer {rampage, Elem, Evo} (curse)
Will    +....        G - amulet of the Manifest Atheism {RegenMP, Elem, Evo} (curse)
Stlth   +++++        K - +4 ring of protection
HPRegen 1.20/turn    n - ring "Share My Chagrin" {Int+6, Elem, Bglg} (curse)
MPRegen 0.62/turn

%: clarity, rampage
@: studying 2 skills, heavily drained
A: (nimble swimmer 2), mertail
a: Renounce Religion, Curse Item, Shatter the Chains


You were on level 3 of the Elven Halls.
You worshipped Ashenzari.
Ashenzari was extremely pleased with you.
You visited 5 branches of the dungeon, and saw 26 of its levels.
You also visited: Bailey.

You collected 2059 gold pieces.
You spent 792 gold pieces at shops.

Inventory:

Hand Weapons
 b - the cursed +3 dagger of the Eye in the Sky (weapon) {venom, Elem, Alch}
   (You took it off a goblin on level 4 of the Dungeon)

   It has a curse which improves the following skills: Elements: Fire Magic, Ice
   Magic, Air Magic and Earth Magic.
   Alchemy:   Poison Magic and Transmutations.
Missiles
 d - 5 curare-tipped darts
 i - 50 poisoned darts
 N - a throwing net
Armour
 l - the cursed +0 troll leather armour of Ashenzari's Vision (worn) {Regen+, Elem, Cun}
   (You found it on level 9 of the Dungeon)

   Regen:     It increases your rate of health regeneration.
   It has a curse which improves the following skills: Elements: Fire Magic, Ice
   Magic, Air Magic and Earth Magic.
   Cunning:   Dodging and Stealth.
 q - the cursed +0 helmet "Tethered Ethics" (worn) {Evo, Bglg}
   (You took it off Robin on level 2 of the Dungeon)

   It has a curse which improves the following skills: Evocations: Evocations.
   Beguiling: Conjurations, Hexes and Translocations.
 x - the cursed +2 cloak of the Shackled Mysticism (worn) {Self, Evo}
   (You found it on level 2 of the Lair of Beasts)

   It has a curse which improves the following skills: Introspection: Fighting
   and Spellcasting.
   Evocations: Evocations.
 D - the cursed +0 buckler "Restrained Apathy" (worn) {Alch, Comp}
   (You found it on level 6 of the Dungeon)

   It has a curse which improves the following skills: Alchemy: Poison Magic and
   Transmutations.
   Companions: Summonings and Necromancy.
 R - the cursed +0 pair of gloves of Ashenzari's Soothsayer (worn) {Cun, Evo}
   (You found it on level 10 of the Dungeon)

   It has a curse which improves the following skills: Cunning: Dodging and
   Stealth.
   Evocations: Evocations.
 W - the cursed +2 pair of boots of the Restrained Seer (worn) {rampage, Elem, Evo}
   (You found it on level 3 of the Lair of Beasts)

   It has a curse which improves the following skills: Elements: Fire Magic, Ice
   Magic, Air Magic and Earth Magic.
   Evocations: Evocations.
Jewellery
 n - the cursed ring "Share My Chagrin" (right hand) {Int+6, Elem, Bglg}
   (You found it on level 3 of the Dungeon)

   [ring of intelligence]

   Int:       It affects your intelligence (+6).
   It has a curse which improves the following skills: Elements: Fire Magic, Ice
   Magic, Air Magic and Earth Magic.
   Beguiling: Conjurations, Hexes and Translocations.
 z - a ring of poison resistance
 A - a ring of protection from fire
 G - the cursed amulet of the Manifest Atheism (around neck) {RegenMP, Elem, Evo}
   (You bought it in a shop on level 2 of the Orcish Mines)

   [amulet of magic regeneration]

   It increases your rate of magic regeneration.
   It has a curse which improves the following skills: Elements: Fire Magic, Ice
   Magic, Air Magic and Earth Magic.
   Evocations: Evocations.
 K - a +4 ring of protection (left hand)
 X - the ring "Nihoc" {Fire Will+ Str+3 Dex-2}
   (You took it off a kobold brigand on level 11 of the Dungeon)

   [ring of fire]

   It enhances your fire magic.
   Str:       It affects your strength (+3).
   Dex:       It affects your dexterity (-2).
   rF:        It protects you from fire.
   rC:        It makes you vulnerable to cold.
   Will:      It increases your willpower.
Wands
 f - a wand of flame (16)
 t - a wand of polymorph (9)
 y - a wand of mindburst (39)
 L - a wand of iceblast (25)
 V - a wand of charming (25)
 Y - a wand of digging (6)
Scrolls
 h - 2 scrolls of brand weapon
 j - 3 scrolls of poison
 k - 4 scrolls of vulnerability
 o - a scroll of acquirement
 p - 3 scrolls of magic mapping
 r - 2 scrolls of torment
 v - 6 scrolls of teleportation
 w - 6 scrolls of immolation
 B - a scroll of blinking
 C - 7 scrolls of enchant weapon
 H - 2 scrolls of enchant armour
 I - 4 scrolls of fear (quivered)
 M - a scroll of fog
 P - a scroll of silence
Potions
 a - a potion of haste
 c - 6 potions of brilliance
 e - 5 potions of attraction
 g - 3 potions of mutation
 s - 5 potions of invisibility
 u - 3 potions of curing
 E - 2 potions of might
 F - 2 potions of enlightenment
 J - 3 potions of cancellation
 O - 4 potions of magic
 U - 3 potions of lignification
 Z - 2 potions of resistance
Miscellaneous
 S - a phantom mirror


   Skills:
 - Level 14.9(17.0) Fighting
 - Level 10.0 Short Blades
 + Level 10.1 Armour
 - Level 17.0(20.0) Dodging
 + Level 9.7(12.9) Stealth
 - Level 6.0 Shields
 - Level 7.2(9.4) Spellcasting
 - Level 8.8(12.0) Conjurations
 - Level 4.7(7.7) Hexes
 - Level 2.0(3.6) Summonings
 - Level 5.8(9.0) Transmutations
 - Level 2.0(6.0) Fire Magic
 - Level 2.6(7.0) Ice Magic
 - Level 2.0(6.0) Air Magic
 - Level 9.2(15.0) Earth Magic
 - Level 5.8(9.0) Poison Magic
 - Level 8.0(13.8) Evocations


You had 8 spell levels left.
You knew the following spells:

 Your Spells              Type           Power      Damage    Failure   Level
a - Ensorcelled Hibernat  Hex/Ice        100%       N/A       1%          2
b - Lee's Rapid Deconstr  Erth           38%        3d19*     1%          5
e - Blink                 Tloc           30%        N/A       10%         2
f - Ignite Poison         Fire/Tmut/Pois 55%        N/A       1%          3
g - Passwall              Tmut/Erth      57%        N/A       1%          2
i - Mephitic Cloud        Conj/Pois/Air  59%        N/A       1%          3
j - Swiftness             Air            47%        N/A       1%          3
k - Leda's Unmaking       Conj/Erth      36%        9d6       4%          6

Your spell library contained the following spells:

 Spells                   Type           Power      Damage    Failure   Level
 Magic Dart               Conj           100%       1d8       1%          1
 Shock                    Conj/Air       100%       1d9       1%          1
 Slow                     Hex            100%       N/A       1%          1
 Sting                    Tmut/Pois      100%       1d8       1%          1
 Summon Small Mammal      Summ           100%       N/A       1%          1
 Momentum Strike          Conj/Tloc      96%        3d10      1%          2
 Searing Ray              Conj           100%       2d8       1%          2
 Wereblood                Tmut           59%        N/A       1%          2
 Confusing Touch          Hex            54%        N/A       1%          3
 Spider Form              Tmut/Pois      59%        N/A       1%          3
 Fulminant Prism          Conj/Hex       31%        3d15      1%          4
 Leda's Liquefaction      Hex/Erth       33%        N/A       1%          4
 Petrify                  Tmut/Erth      69%        N/A       1%          4
 Sticky Flame             Conj/Fire      59%        2d7       1%          4
 Call Imp                 Summ           66%        N/A       2%          2
 Summon Guardian Golem    Hex/Summ       44%        N/A       2%          3
 Apportation              Tloc           30%        N/A       6%          1
 Airstrike                Air            23%        2d(4-20)  6%          4
 Necrotise                Necr           56%        1d6       7%          1
 Statue Form              Tmut/Erth      46%        N/A       9%          6
 Lesser Beckoning         Tloc           30%        N/A       10%         2
 Sublimation of Blood     Necr           14%        N/A       10%         2
 Anguish                  Hex/Necr       17%        N/A       14%         4
 Vampiric Draining        Necr           14%        2d7       21%         3
 Summon Hydra             Summ           16%        N/A       100%        7
 Ignition                 Fire           23%        3d8       100%        8


Dungeon Overview and Level Annotations

Branches:
Dungeon (12/15)            Temple (0/1) D:4            Lair (5/5) D:8
  Swamp (4/4) Lair:2        Snake (0/4) Lair:3        Slime (0/5) Lair:5
    Orc (2/2) D:12            Elf (3/3) Orc:2        Bailey (visited)

Altars:
Ashenzari
Gozag
Kikubaaqudgha
Nemelex Xobeh
Okawaru
Qazlal
Sif Muna
Trog
Vehumet
Xom
Jiyva

Shops:
D:12 [*==   Orc:2 [=*(   Elf:1 *   Elf:2 **=(   Elf:3 ((!*

Annotations:
D:1 exclusion: downstairs
D:6 exclusion: downstairs
D:10 3 transporters
Lair:3 1 transporter
Lair:5 Vault
Swamp:3 exclusion: downstairs
Swamp:4 Mara
Elf:1 exclusion: downstairs
Elf:2 3 runed translucent doors


Innate Abilities, Weirdness & Mutations

((You are very nimble when in or above water. (Stealth+, EV+, Speed+++)))
Your lower body shifts to a powerful aquatic tail in water.


Message History

You feel invigorated.
Your surroundings suddenly seem different. 2 deep elf death magi, a deep elf sorcerer and a deep elf demonologist come into view.
A deep elf death mage is wielding a +1 dagger of venom.
The deep elf sorcerer is wielding a +2 dire flail of protection.
The deep elf demonologist is wielding a +0 halberd of holy wrath.
The deep elf death mage shouts!
The deep elf sorcerer shouts!
You hear a shout! x2
A deep elf death mage comes into view. It is wielding a +0 long sword.
A deep elf pyromancer comes into view. It is wielding a +0 long sword.
The deep elf demonologist casts a spell.
The deep elf sorcerer casts a spell at you.
You resist with significant effort.
The deep elf death mage casts a spell at you.
The bolt of negative energy hits you!!
You feel drained.
* * * LOW HITPOINT WARNING * * *
You are too confused!
You feel better.
You feel less invigorated.
The deep elf sorcerer points at you and mumbles some strange words.
You resist with significant effort.
The deep elf death mage casts a spell at you.
The bolt of negative energy hits the hellwing.
The hellwing completely resists.
The bolt of negative energy hits you!
You feel drained.
* * * LOW HITPOINT WARNING * * *
Read: 4 scrolls of fear
Press: ? - help, Q - select action, (/) - cycle Dir - look around, f - activate
Okay, then.
Unknown command.
You feel much better.
The deep elf demonologist gestures wildly while chanting.
A deep elf demonologist comes into view.
It is wielding the +3 quarterstaff "Qaablau" {flame, rC+ Str+2 Dex+3}.
The deep elf pyromancer shouts!
As you read the scroll of fog, it crumbles to dust.
The scroll dissolves into smoke.
The hellwing disappears in a puff of smoke!
The deep elf death mage casts a spell at you.
The bolt of negative energy hits you!!
You feel drained.
* * * LOW HITPOINT WARNING * * *
The deep elf sorcerer closely misses you.
The deep elf death mage gestures at you while chanting.
The bolt of negative energy hits you!!
You feel drained.
You die...

#####)####E(#..{##.).....{.######
.........oe(#.##{##...#.{.## .
####....ooE.☼E#...##{..{{## ..
####.........○☼○○{.###.#### #..
...#........☼..o.{.○()....# #..
##.#................e..{..# **
*#.#......###############{# *
#.#......# ##§## {..# **
*#.###....# *#@e.#* * , ..# **
...**....)# *#§e§..#*,, ⌠ ..#*,
##* *.....# #[.§/§..#*, ,,.##, .,
,,.....# #..).#...e# * , #*
,*....##....###ee.3# {* * * * *
##... 3.4## ,** ,,, * , ,* ##.. ,
,e##{ , * , , ,,* ,* ##. ,, e. ,
, , ,, , ** , ,* * , ,, , , , ,


You could see 2 deep elf death magi, a deep elf sorcerer, 2 deep elf
demonologists, a deep elf pyromancer, a smoke demon (summoned) and a neqoxec
(summoned).

Vanquished Creatures
  Gastronok (Lair:2)
  A thorn hunter (Swamp:4)
  A fenstrider witch (Swamp:1)
  An orc warlord (Orc:2)
  Aizul (Swamp:3)
  7 eleionomae
  A deep elf demonologist (Elf:3)
  A spark wasp (shapeshifter) (Lair:3)
  A deep elf death mage (Elf:1)
  2 bunyips
  2 deep elf high priests
  Harold (D:9)
  A shambling mangrove (Swamp:4)
  8 hydras
  2 ghost crabs (Swamp:2)
  A catoblepas (Lair:4)
  3 two-headed ogres
  4 boulder beetles
  A centaur warrior (D:11)
  7 alligators
  23 dancing weapons
  5 death yaks
  2 orc high priests (Orc:2)
  Urug (Orc:2)
  A spriggan berserker (Swamp:1)
  12 deep elf knights
  A fire crab (Lair:5)
  6 spriggan druids
  4 goliath frogs
  6 swamp dragons
  5 bog bodies
  23 deep elf zephyrmancers
  A necromancer (Swamp:1)
  8 deep elf archers
  2 steelbarb worms
  2 orc knights
  31 deep elf pyromancers
  A manticore (D:11)
  3 cyclopes
  4 will-o-the-wisps
  An oklob plant (Lair:3)
  5 orc sorcerers
  An elephant (shapeshifter) (Elf:2)
  14 elephants
  4 black mambas
  2 water nymphs (Swamp:2)
  An orange demon (Lair:3)
  10 cane toads
  A gargoyle (D:12)
  2 torpor snails
  10 komodo dragons
  Maggie (Lair:2)
  2 rime drakes
  4 kobold demonologists
  6 trolls
  A hydra zombie (Swamp:4)
  A bloated husk (Swamp:1)
  2 polar bears (Lair:2)
  13 tyrant leeches
  6 hornets
  9 blink frogs
  3 dream sheep (Lair:5)
  An air elemental (Elf:3)
  A spriggan (shapeshifter) (D:10)
  A vampire (D:11)
  7 spriggans
  7 slime creatures
  2 water elementals
  41 yaks
  7 wyverns
  A wraith (D:12)
  5 fire elementals
  5 basilisks
  2 steam dragons
  12 vampire mosquitoes
  26 swamp worms
  2 nagas (Lair:3)
  2 wargs
  2 acid dragons
  3 hell hounds (Lair:5)
  A hydra simulacrum (Swamp:4)
  8 water moccasins
  2 swamp drakes
  30 orc warriors
  2 ice beasts
  A sky beast (D:8)
  A black bear (D:7)
  2 ogres
  10 centaurs
  14 wolves
  2 phantoms
  A swamp dragon skeleton (Swamp:4)
  5 kobold brigands
  3 gnoll sergeants
  5 bullfrogs
  An earth elemental (Elf:1)
  2 scorpions (D:4)
  3 killer bees (D:9)
  3 howler monkeys
  An electric eel (D:6)
  2 vampire bats (Lair:3)
  2 lava snakes (Lair:5)
  2 hounds (D:6)
  4 jellies
  17 orc priests
  A sleepcap (D:5)
  Natasha (thrice) (D:3)
  18 orc wizards
  5 hell rats (Lair:3)
  2 human simulacra (D:12)
  Robin (D:2)
  17 gnolls
  2 adders
  A white imp (D:7)
  An ufetubus (D:5)
  2 worms (D:2)
  3 dart slugs
  77 orcs
  6 ball pythons
  6 endoplasms
  4 giant cockroaches
  20 goblins
  12 hobgoblins
  20 kobolds
  5 quokkas
  5 bats
  2 frilled lizards (D:2)
  3 rats
754 creatures vanquished.

Vanquished Creatures (collateral kills)
  A deep elf zephyrmancer (Elf:3)
  A deep elf pyromancer (Elf:3)
  2 orc priests (D:6)
4 creatures vanquished.

Vanquished Creatures (others)
  A hydra (D:11)
  2 orc knights (Bailey)
  2 gargoyles
  A bloated husk (Swamp:3)
  A troll (D:12)
  2 slime creatures (D:12)
  A shadow (D:11)
  5 vampire mosquitoes
  6 orc warriors
  A black bear (D:5)
  3 ogres
  2 jellies
  An orc priest (D:4)
  2 orc wizards
  2 orcs (D:12)
  A goblin (D:4)
  10 foxfires (Swamp:3)
43 creatures vanquished.

Grand Total: 801 creatures vanquished

Notes
Turn   | Place    | Note
-------+----------+-------------------------------------------
     0 | D:1      | ragingrage the Merfolk Wanderer began the quest for the
                  | Orb.
     0 | D:1      | ragingrage set off with the following items: a +0 dagger, a
                  | potion of curing, a +0 robe, a +0 cloak; and the following
                  | spells available to memorise: Sting, Summon Small Mammal,
                  | Passwall, Summon Guardian Golem, Petrify.
     0 | D:1      | Reached XP level 1. HP: 16/16 MP: 2/2
     2 | D:1      | Learned a level 1 spell: Sting
   120 | D:1      | Reached skill level 1 in Poison Magic
   124 | D:1      | Learned a level 1 spell: Summon Small Mammal
   136 | D:1      | Found a faded altar of an unknown god.
   361 | D:1      | Reached XP level 2. HP: 22/22 MP: 0/3
  1258 | D:2      | Reached skill level 1 in Short Blades
  1291 | D:2      | Reached XP level 3. HP: 27/27 MP: 1/4
  1474 | D:2      | Noticed Robin
  2083 | D:2      | Learned a level 2 spell: Ensorcelled Hibernation
  2232 | D:2      | Reached skill level 1 in Ice Magic
  2232 | D:2      | Reached XP level 4. HP: 15/33 MP: 0/5
  2339 | D:2      | Reached skill level 1 in Hexes
  3324 | D:3      | Reached XP level 5. HP: 9/38 MP: 0/6
  3750 | D:3      | Found a broken altar of Ashenzari.
  3754 | D:3      | Became a worshipper of Ashenzari the Shackled
  3878 | D:3      | Found a sparkling altar of Nemelex Xobeh.
  4182 | D:2      | Killed Robin
  4624 | D:3      | Noticed Natasha
  4631 | D:3      | Killed Natasha
  4713 | D:3      | Noticed Natasha
  4767 | D:3      | Killed Natasha
  5004 | D:3      | Found a broken altar of Ashenzari.
  5142 | D:3      | Found a sparkling altar of Nemelex Xobeh.
  5333 | D:3      | Noticed Natasha
  5345 | D:3      | Killed Natasha
  5346 | D:3      | Reached XP level 6. HP: 38/44 MP: 5/7
  5613 | D:4      | Learned a level 3 spell: Summon Guardian Golem
  6045 | D:4      | Found an iron altar of Okawaru.
  6056 | D:4      | Reached XP level 7. HP: 49/50 MP: 4/8
  6113 | D:4      | Reached skill level 5 in Short Blades
  6755 | D:4      | Found a staircase to the Ecumenical Temple.
  6952 | D:4      | Found a bloodstained altar of Trog.
  7069 | D:4      | Reached * piety under Ashenzari
  7124 | D:5      | Entered Level 5 of the Dungeon
  7687 | D:4      | Reached XP level 8. HP: 54/56 MP: 9/11
  7691 | D:4      | Learned a level 3 spell: Ignite Poison
  9006 | D:5      | Reached ** piety under Ashenzari
  9010 | D:5      | Learned a level 2 spell: Blink
  9080 | D:5      | Found an opulent altar of Gozag.
  9542 | D:6      | Reached skill level 1 in Fire Magic
  9733 | D:6      | Reached skill level 3 in Dodging
 10092 | D:6      | Identified the +2 leather armour of Naadwih {Harm Fly rElec
                  | Dex-2}
 10411 | D:6      | Found an ancient bone altar of Kikubaaqudgha.
 10520 | D:7      | Reached skill level 1 in Shields
 10523 | D:7      | Reached *** piety under Ashenzari
 10541 | D:7      | Reached XP level 9. HP: 26/61 MP: 9/13
 11970 | D:8      | Reached skill level 10 in Short Blades
 12000 | D:8      | Found a flagged portal.
 12037 | Bailey   | Entered a bailey
 12055 | Bailey   | Reached skill level 5 in Transmutations
 12310 | Bailey   | Learned a level 2 spell: Passwall
 12440 | Bailey   | Reached skill level 1 in Earth Magic
 12440 | Bailey   | Reached XP level 10. HP: 49/70 MP: 10/14
 12556 | Bailey   | Noticed an orc knight
 12571 | Bailey   | Noticed an orc knight
 12580 | Bailey   | Killed an orc knight
 12593 | Bailey   | Killed an orc knight
 12594 | Bailey   | Reached skill level 5 in Fighting
 12594 | Bailey   | Reached skill level 5 in Dodging
 12750 | D:8      | Found a shimmering altar of Xom.
 12787 | D:8      | Reached skill level 6 in Dodging
 12970 | D:8      | Learned a level 3 spell: Confusing Touch
 13021 | D:8      | Reached **** piety under Ashenzari
 13124 | D:8      | Found a staircase to the Lair.
 13147 | D:8      | Identified the cursed +0 pair of boots "Shackled With Me"
                  | {Elem, Evo} (You found it on level 8 of the Dungeon)
 13434 | D:9      | Found a stormy altar of Qazlal.
 13685 | D:9      | Noticed Harold
 13739 | D:9      | Reached skill level 7 in Dodging
 13874 | D:9      | Found a radiant altar of Vehumet.
 14360 | D:10     | Entered Level 10 of the Dungeon
 14361 | D:10     | Found a transporter.
 14367 | D:10     | Found a transporter.
 14410 | D:10     | Found a transporter.
 14564 | D:10     | Reached skill level 5 in Poison Magic
 14576 | D:10     | Reached XP level 11. HP: 86/86 MP: 14/20
 14673 | D:10     | Found a transporter.
 15033 | D:10     | Reached ***** piety under Ashenzari
 15135 | D:10     | Found a shimmering blue altar of Sif Muna.
 15135 | D:10     | Identified Sif Muna's Essays on the Jaunt
 15136 | D:10     | Identified Sif Muna's Tome of Inhalation
 15137 | D:10     | Identified Sif Muna's Elucidation of Congelation
 15438 | Lair:1   | Entered Level 1 of the Lair of Beasts
 15556 | D:8      | Reached skill level 5 in Spellcasting
 15569 | D:8      | Reached skill level 5 in Shields
 15651 | Lair:1   | Learned a level 3 spell: Mephitic Cloud
 15673 | Lair:1   | Reached skill level 1 in Air Magic
 15812 | Lair:1   | Reached skill level 1 in Conjurations
 16308 | Lair:1   | Noticed a death yak
 16378 | Lair:1   | Killed a death yak
 16379 | Lair:1   | Reached skill level 5 in Stealth
 16403 | Lair:1   | Reached skill level 8 in Dodging
 16735 | Lair:2   | Reached XP level 12. HP: 82/100 MP: 24/24
 16793 | Lair:2   | Noticed Gastronok
 16910 | Lair:2   | Noticed Maggie
 16922 | Lair:2   | Reached skill level 9 in Dodging
 16925 | Lair:2   | Killed Maggie
 17234 | Lair:2   | Reached skill level 10 in Dodging
 17234 | Lair:2   | Found a staircase to the Swamp.
 17395 | Lair:2   | Killed Gastronok
 17396 | Lair:2   | Reached skill level 10 in Fighting
 18040 | Lair:3   | Noticed a boulder beetle
 18040 | Lair:3   | Found a transporter.
 18040 | Lair:3   | Found a transporter.
 18043 | Lair:3   | Noticed a boulder beetle
 18053 | Lair:3   | Killed a boulder beetle
 18159 | Lair:3   | Found a transporter.
 18180 | Lair:3   | Found a transporter.
 18221 | Lair:3   | Reached skill level 11 in Dodging
 18296 | Lair:3   | Found a staircase to the Snake Pit.
 18561 | Lair:3   | Reached skill level 12 in Dodging
 19263 | Lair:4   | Noticed a death yak
 19287 | Lair:4   | Killed a death yak
 19288 | Lair:4   | Reached XP level 13. HP: 84/106 MP: 12/23
 19394 | Lair:4   | Reached skill level 1 in Armour
 19959 | Lair:4   | Reached skill level 13 in Dodging
 20210 | Lair:5   | Entered Level 5 of the Lair of Beasts
 20643 | Lair:5   | Found a staircase to the Slime Pits.
 20643 | Lair:5   | Found a viscous altar of Jiyva.
 21798 | Lair:5   | Reached skill level 14 in Dodging
 21809 | Lair:5   | Reached skill level 5 in Evocations
 22039 | Lair:5   | Reached XP level 14. HP: 121/121 MP: 22/27
 22101 | Lair:5   | Upgraded the game from 0.31-a0-149-g3fdcc5976a to
                  | 0.31-a0-150-g89dc3ad700
 23057 | D:9      | Killed Harold
 23929 | D:11     | Identified the ring "Nihoc" {Fire Will+ Str+3 Dex-2}
 23946 | D:11     | Reached skill level 15 in Dodging
 25262 | D:11     | Found a radiant altar of Vehumet.
 25391 | D:12     | Found Ebroyb's Antique Armour Shop.
 25499 | D:12     | Found a staircase to the Orcish Mines.
 25851 | D:12     | Found Uhit's Jewellery Shoppe.
 25915 | D:12     | Found Gebar's Jewellery Emporium.
 25917 | D:12     | Found Zytwuq's General Store.
 25929 | D:12     | Bought a scroll of fear for 64 gold pieces
 26306 | Orc:1    | Entered Level 1 of the Orcish Mines
 26448 | Orc:2    | Entered Level 2 of the Orcish Mines
 26479 | Orc:2    | Reached skill level 5 in Earth Magic
 26993 | Orc:2    | Found a staircase to the Elven Halls.
 27035 | Orc:2    | Noticed Urug
 27289 | Orc:2    | Noticed an orc warlord
 27726 | Orc:2    | Reached XP level 15. HP: 131/131 MP: 14/28
 27879 | Orc:2    | Killed Urug
 27923 | Orc:2    | Found Fiuppan's Jewellery Shoppe.
 27959 | Orc:2    | Killed an orc warlord
 28058 | Orc:2    | Found Ranisayr's Antique Armour Shoppe.
 28072 | Orc:2    | Found Fousad's General Store.
 28073 | Orc:2    | Found Vupotoen's Antique Weapon Shoppe.
 28115 | Orc:2    | Bought a potion of haste for 120 gold pieces
 28248 | Lair:1   | Identified the cursed +2 pair of boots of the Restrained
                  | Seer {rampage, Elem, Evo} (You found it on level 3 of the
                  | Lair of Beasts)
 28288 | Lair:3   | Paralysed by an apocalypse crab for 5 turns
 28394 | Lair:3   | Learned a level 3 spell: Swiftness
 28457 | Swamp:1  | Entered Level 1 of the Swamp
 28482 | Lair:2   | HP: 5/129 [poisoned by a swamp dragon (poison gas)]
 28487 | Lair:2   | HP: 4/129 [poisoned by a swamp dragon (poison gas)]
 28645 | Lair:2   | Reached skill level 16 in Dodging
 29106 | Swamp:1  | Noticed a fenstrider witch
 29117 | Swamp:1  | Paralysed by a fenstrider witch for 2 turns
 29124 | Swamp:1  | Killed a fenstrider witch
 29972 | Swamp:2  | Learned a level 6 spell: Leda's Unmaking
 30471 | Swamp:2  | Reached skill level 17 in Dodging
 30874 | Swamp:2  | Reached skill level 5 in Conjurations
 31703 | Swamp:3  | Noticed Aizul
 31726 | Swamp:3  | Killed Aizul
 31862 | Swamp:3  | Reached XP level 16. HP: 122/138 MP: 25/29
 33144 | Swamp:4  | Entered Level 4 of the Swamp
 33145 | Swamp:4  | Noticed a thorn hunter
 33189 | Swamp:4  | Killed a thorn hunter
 33459 | Swamp:4  | Noticed Mara
 35045 | Elf:1    | Entered Level 1 of the Elven Halls
 35168 | Elf:1    | Found Eclitt's CLEARANCE SALE!.
 35178 | Elf:1    | Bought a scroll of blinking for 30 gold pieces
 35178 | Elf:1    | Bought a potion of resistance for 40 gold pieces
 35178 | Elf:1    | Bought a scroll of acquirement for 208 gold pieces
 35470 | Elf:1    | Learned a level 5 spell: Lee's Rapid Deconstruction
 35992 | Orc:2    | Bought an amulet of magic regeneration for 330 gold pieces
 36871 | Elf:1    | Reached XP level 17. HP: 132/145 MP: 20/30
 37366 | Elf:2    | Found Fobu's Assorted Antiques.
 37746 | Elf:1    | Reached skill level 5 in Armour
 38204 | Elf:2    | Found a runed translucent gate.
 38207 | Elf:2    | Found a runed translucent gate.
 38208 | Elf:2    | Found a runed translucent gate.
 38232 | Elf:2    | Found Xuydwaom's General Store.
 38234 | Elf:2    | Found Dememam's Jewellery Shop.
 38237 | Elf:2    | Found Usown's Antique Weapon Boutique.
 38685 | Elf:3    | Entered Level 3 of the Elven Halls
 38858 | Elf:3    | Found Serucvau's Antique Weapon Shoppe.
 38860 | Elf:3    | Found Umput's Assorted Antiques.
 38860 | Elf:3    | Found Faloinlo's Weapon Shoppe.
 38897 | Elf:3    | Found Yxzio's Distillery.
 39048 | Elf:3    | Noticed a deep elf master archer
 39283 | Elf:3    | Reached skill level 10 in Armour
 39361 | Elf:3    | Identified the ring "Vocusuv" {rF++ rC+ rN+ Int+3 Slay+3}
 39361 | Elf:3    | Noticed a deep elf blademaster
 39371 | Elf:3    | Identified the +0 quarterstaff of Winter {flame, rElec
                  | rPois Will+ Str+2}
 39371 | Elf:3    | Identified the amulet of Woiclen {Faith rN+}
 39371 | Elf:3    | Identified the +4 short sword of the Absolute Madman {vamp,
                  | Fly rF- Will- Dex+7}
 39374 | Elf:3    | Identified the +8 sling "Murmur" {speed, Dex+8}
 39394 | Elf:3    | Identified the +3 quarterstaff "Qaablau" {flame, rC+ Str+2
                  | Dex+3}
 39395 | Elf:3    | HP: 1/129 [deep elf death mage/bolt of negative energy
                  | (35)]
 39395 | Elf:3    | Killed from afar by a deep elf death mage

Illustrated notes

Levels and vault maps discovered:
D:1:      kennysheep_arrival_forest, layout_basic, basic_ecumenical_altar,
          minmay_misc_feat_doors
D:2:      layout_loops_ring, st_stairs_11, uniq_robin
D:3:      minmay_inner_zag, layout_loops_ring, old_standard_altar,
          lemuel_crystal_altar, uniq_natasha
D:4:      layout_basic, trog_butcher_becter, lemuel_tele_altar,
          minmay_temple_entry_nine_rooms
D:5:      layout_loops_ring, grunt_gozag_statues, minmay_misc_feat_more_columns
D:6:      layout_basic, mainiacjoe_overflow_alcove_1, nrook_campfire,
          minivault_4
D:7:      layout_loops_ring, corexii_hall_statues_deadend
D:8:      layout_rooms, xom_teletrap_fun, dpeg_oklobed_lair, enter_bailey_5,
          minivault_27
D:9:      layout_basic, kennysheep_mini_moat, grunt_qazlal_clouds, uniq_harold
D:10:     layout_loops_ring, nicolae_sif_muna_little_library,
          nicolae_transporter_intersection
D:11:     minmay_the_grid_octo_tiled_squarecenter_mashed
          [minmay_the_grid_octo_empty, minmay_the_grid_octo_clover,
          minmay_the_grid_octo_teeth, minmay_the_grid_octo_odd_swirl,
          minmay_the_grid_square_5x5_megaprize_hollow,
          minmay_the_grid_square_5x5_percent, minmay_the_grid_square_5x5_spiral,
          minmay_the_grid_square_5x5_c, minmay_the_grid_square_5x5_two],
          layout_layer_cave, nicolae_vehumet_altar_sigil
D:12:     layout_rooms, orc_0_dummy, serial_shops,
          nicolae_shop_tiny_statue_garden, nicolae_shop_tiny_waterfront,
          nicolae_shop_just_a_little_nook, shop, bh_circular_ruins
Lair:1:   layout_gridlike, infiniplex_staircase_pool
Lair:2:   layout_cave_pods, minmay_swamp_entry_swarm, uniq_maggie,
          uniq_gastronok
Lair:3:   gammafunk_boulding_lane, layout_loops_ring,
          guppyfry_snake_entry_island, gammafunk_ghost_abyssal_escape,
          roderic_batcave
Lair:4:   layout_roguey, nicolae_lair_yak_garden, lemuel_fruit_tree
Lair:5:   cheibrodos_lair_end_hotspot, layout_layer_cave,
          nicolae_slime_entry_slimehenge
Swamp:1:  nicolae_swamp_standing_stones, layout_basic_swamp,
          nicolae_swamp_bean_lake, hangedman_swamp_diagram, swamp_pool3,
          nicolae_swamp_soggy_hallways
Swamp:2:  layout_basic_swamp, evilmike_swamp_ruin_house_2,
          nicolae_swamp_nymph_family_reunion
Swamp:3:  nicolae_swamp_ascending_descending_big, layout_falls_marsh,
          nicolae_swamp_well_well_well, swamp_pool1, nicolae_swamp_vermiculated,
          uniq_aizul
Swamp:4:  byrel_swamp_growth_death_and_undeath, layout_basic_swamp,
          infiniplex_staircase_pool_2, uniq_louise, uniq_mara
Orc:1:    layout_diamond_mine
Orc:2:    grunt_orc_cross, layout_caves
Elf:1:    eino_elf_arrival_shootout, layout_onion_city, minivault_28,
          nicolae_shop_clearance
Elf:2:    elven_hall_of_blades_hangedman_original
          [nicolae_blade_entry_diamond_columns], layout_gridlike, serial_shops,
          shop, minmay_shop_star
Elf:3:    grunt_elf_hall_diamonds, layout_loops_cross, minmay_shoptagon

Skill      XL: |  1  2  3  4  5  6  7  8  9 10 11 12 13 14 15 16 17 |
---------------+----------------------------------------------------+-----
Poison Magic   | 1 2 3 5 |  5.8
Summonings     | 2 |  2.0
Transmutations | 3 4 5 |  5.8
Short Blades   | 1 2 3 4 7 8 10 | 10.0
Ice Magic      | 1 2 |  2.6
Hexes          | 1 2 3 4 |  4.7
Stealth        | 2 3 5 8 9 |  9.7
Spellcasting   | 2 3 4 5 6 7 |  7.2
Fire Magic     | 1 2 |  2.0
Dodging        | 3 7 8 12 14 15 17 | 17.0
Shields        | 1 3 5 6 |  6.0
Evocations     | 2 5 8 |  8.0
Fighting       | 3 6 8 11 12 14 | 14.9
Earth Magic    | 1 6 7 9 |  9.2
Air Magic      | 2 |  2.0
Conjurations   | 1 2 6 8 |  8.8
Armour         | 4 10 | 10.1

Action                     |  1- 3 |  4- 6 |  7- 9 | 10-12 | 13-15 | 16-18 || total
---------------------------+-------+-------+-------+-------+-------+-------++-------
  Melee: Dagger            |    32 |   117 |   398 |   510 |   989 |   335 ||  2381
         Punch             |       |       |     2 |       |       |       ||     2
         Tailslap          |       |       |     4 |       |    10 |    14 ||    28
  Throw: Dart              |       |     2 |       |     1 |       |       ||     3
         Throwing net      |       |       |       |       |     1 |       ||     1
   Cast: Sting             |    54 |    97 |    50 |    23 |    14 |       ||   238
         Summon Guardian G |       |     1 |    14 |     7 |    15 |       ||    37
         Ignite Poison     |       |       |     9 |    70 |   150 |    53 ||   282
         Mephitic Cloud    |       |       |       |    11 |    99 |    38 ||   148
         Passwall          |       |       |       |     3 |     5 |     2 ||    10
         Blink             |       |       |       |     1 |       |     2 ||     3
         Leda's Unmaking   |       |       |       |       |     9 |    38 ||    47
         Lee's Rapid Decon |       |       |       |       |       |   102 ||   102
 Invoke: Curse Item        |       |     1 |     4 |     4 |     2 |     1 ||    12
         Shatter the Chain |       |       |       |     2 |     1 |       ||     3
  Evoke: Wand              |       |       |     1 |       |     2 |     5 ||     8
    Use: Scroll            |     1 |       |     1 |       |     5 |     9 ||    16
         Potion            |       |     1 |       |       |     6 |     3 ||    10
   Stab: Sleeping          |     2 |     1 |     5 |     5 |    29 |    12 ||    54
         Confused          |       |       |       |    11 |    43 |     8 ||    62
         Distracted        |       |       |       |     1 |     3 |       ||     4
 Armour: Robe              |    12 |    18 |     1 |       |       |       ||    31
         Leather armour    |       |       |    54 |    14 |       |       ||    68
         Troll leather arm |       |       |       |    69 |   278 |    94 ||   441
  Dodge: Dodged            |    29 |    69 |   198 |   323 |   602 |   315 ||  1536
  Block: Buckler           |       |       |    22 |    89 |   193 |    73 ||   377

Table legend: (Time is in decaauts)
 A = Elapsed time spent in this place.
 B = Non-inter-level travel time spent in this place.
 C = Inter-level travel time spent in this place.
 D = Time resting spent in this place.
 E = Time spent auto-exploring this place.
 F = Levels seen in this place.
 G = Mean time per level.
                   A        B        C        D        E       F      G
               +--------+--------+--------+--------+--------+-----+--------+
         Total |  38090 |  35780 |   2310 |  12618 |  15718 |  27 | 1410.7 |
       Dungeon |  18173 |  17079 |   1094 |   5184 |   8718 |  12 | 1514.4 |
          Lair |   7521 |   6952 |    569 |   1924 |   3505 |   5 | 1504.2 |
         Swamp |   5656 |   5369 |    287 |   2916 |   1262 |   4 | 1414.0 |
  Orcish Mines |   2282 |   2130 |    152 |   1084 |    649 |   2 | 1141.0 |
   Elven Halls |   3790 |   3584 |    206 |   1226 |   1473 |   3 | 1263.3 |
        Bailey |    665 |    665 |      0 |    283 |    110 |   1 |  665.0 |
               +--------+--------+--------+--------+--------+-----+--------+

Top non-repeatable levels by time:
     D:4: 2424 daAuts
     D:2: 2310 daAuts
   Elf:1: 2205 daAuts
  Lair:5: 1996 daAuts
 Swamp:3: 1979 daAuts
 Swamp:2: 1892 daAuts
    D:11: 1718 daAuts
     D:3: 1596 daAuts
    D:10: 1562 daAuts
  Lair:2: 1549 daAuts
     D:1: 1514 daAuts
  Lair:4: 1499 daAuts
     D:7: 1495 daAuts
     D:9: 1382 daAuts
     D:5: 1382 daAuts
